 Dungeon Crawl Stone Soup version 0.29-a0-275-g389c0b56f3 (webtiles) character file.

Game seed: 18200736185399155666

81 sokol815 the Sneak (level 4, 0/29 HPs)
             Began as an Octopode Brigand on Mar 10, 2022.
             Slain by an orc wizard
             ... wielding a +0 dagger
              (3 damage)
             ... on level 3 of the Dungeon.
             The game lasted 00:04:06 (1449 turns).

sokol815 the Sneak (Octopode Brigand)               Turns: 1449, Time: 00:04:06

Health: 0/29       AC:  1    Str: 10    XL:     4   Next: 40%
Magic:  13/13      EV: 12    Int: 15    God:
Gold:   78         SH:  0    Dex: 13    Spells: 3/3 levels left

rFire   . . .      SeeInvis .   a - +2 dagger
rCold   . . .      Faith    .   (no shield)
rNeg    . . .      Spirit   .   (helmet restricted)
rPois   .          Reflect  .   (no amulet)
rElec   .          Harm     .   d - ring of magical power {MP+9}
rCorr   .          Rampage  .   (no ring)
Will    .....                   (no ring)
Stlth   ++........              (no ring)
HPRegen 0.09/turn               (no ring)
MPRegen 0.13/turn               (no ring)
                                (no ring)
                                (no ring)

@: confused, flying
A: almost no armour, amphibious, 8 rings, camouflage 1, gelatinous body 1,
(nimble swimmer 1), tentacles
a: no special abilities


You were on level 3 of the Dungeon.
You visited 1 branch of the dungeon, and saw 4 of its levels.

You collected 78 gold pieces.

Inventory:

Hand Weapons
 a - a +2 dagger (weapon)
 f - a +0 morningstar
   (You took it off an orc on level 3 of the Dungeon)
Missiles
 b - 9 poisoned darts
 c - 3 curare-tipped darts
 s - 86 stones
Jewellery
 d - a ring of magical power (left tentacle) {MP+9}
   (You found it on level 1 of the Dungeon)
Wands
 y - a wand of mindburst (11)
   (You found it on level 4 of the Dungeon)
Scrolls
 i - a scroll of holy word {unknown}


   Skills:
 - Level 2.0 Fighting
 + Level 3.0 Short Blades
 - Level 2.0 Throwing
 - Level 1.0 Dodging
 * Level 7.2 Stealth


You had 3 spell levels left.
You didn't know any spells.
Your spell library was empty.

Dungeon Overview and Level Annotations

Branches:
Dungeon (4/15)
 Temple: D:4-7

Altars:


Innate Abilities, Weirdness & Mutations

You cannot wear most types of armour.
You are amphibious.
You can wear up to eight rings at the same time.
Your skin changes colour to match your surroundings (Stealth+).
Your rubbery body absorbs attacks. (AC +1, EV +1)
((You are camouflaged when in or above water. (Stealth+)))
You have tentacles for arms and can constrict up to eight enemies at once.


Message History

There is a stone staircase leading up here.
You climb upwards.
There is a stone staircase leading down here.
Health restored: 24 You see here a +0 pair of gloves.
A rat comes into view.
You hit the rat.
You kill the rat!
A ball python comes into view.
You see here 9 gold pieces.
The helpless ball python fails to defend itself.
You impale the ball python!!
You kill the ball python!
You now have 78 gold pieces (gained 9).
An orc comes into view. It is wielding a +0 morningstar.
An orc priest comes into view. It is wielding a +0 hand axe.
An orc comes into view. It is wielding a +0 mace.
An orc and an orc wizard come into view.
The orc shouts! x2; The orc priest shouts!
Okay, then.
As you read the scroll labelled OLYOXE ZUTH, it crumbles to dust.
It is a scroll of identify.
f - a potion of degeneration You drop a potion of degeneration {!q}.
You barely miss the orc. You grab the orc. You squeeze the orc.
You constrict the orc.
You kill the orc!
You hit the orc priest. You grab the orc priest. You constrict the orc priest.
The orc priest hits you with a +0 hand axe!
You take 9 damage, and have 15/24 hp.
MASSIVE DAMAGE!!
You hit the orc priest. You constrict the orc priest.
The orc priest closely misses you.
You hit the orc priest. You constrict the orc priest.
You kill the orc priest!
Your Short Blades skill increases to level 3!
Your Stealth skill increases to level 7!
You have reached level 4!
You regained 3 hp, and now have 18/29 hp.
MP restored: 13
Things that are here:
a +0 hand axe; a +0 morningstar; an orc corpse
f - a +0 morningstar You hit the orc.
Your grab misses the orc. Your squeeze misses the orc.
The orc closely misses you.
You hit the orc. You grab the orc.
You constrict the orc, but do no damage.
The orc barely misses you.
You hit the orc.
You kill the orc!
Things that are here:
a +0 mace; 2 boomerangs; a +0 leather armour
Things that are here:
a +0 hand axe; an orc corpse You see here a potion of degeneration {!q}.
You start resting.
An orc is nearby!
The orc hits you with a +0 hand axe.
Things that are here:
a +0 hand axe; an orc corpse You take 2 damage, and have 17/29 hp.
The orc wizard shouts!
You hit the orc but do no damage. You grab the orc.
You constrict the orc, but do no damage.
The orc closely misses you.
You hit the orc. You constrict the orc. The orc barely misses you.
You hit the orc. You squeeze the orc, but do no damage. You constrict the orc.
You hit the orc but do no damage. You constrict the orc.
You kill the orc!
The orc wizard points at you and mumbles some strange words.
You are confused.
You see here 11 gold pieces.
The orc wizard hits you with a +0 dagger.
Things that are here:
a +0 hand axe; an orc corpse You take 2 damage, and have 15/29 hp.
You hit the orc wizard. The orc wizard barely misses you.
The orc wizard gestures at you while chanting.
You are more confused.
You bump into the rock wall.
The orc wizard hits you with a +0 dagger.
You take 5 damage, and have 10/29 hp.
You bump into the rock wall.
The orc wizard casts a spell.
The orc wizard flickers and vanishes!
Deactivating autopickup; reactivate with Ctrl-A.
You completely miss something.
You hear some strange, mumbled words.
A magic dart appears from out of thin air!
The magic dart hits you.
* * * LOW HITPOINT WARNING * * *
You take 6 damage, and have 4/29 hp.
MASSIVE DAMAGE!!
It was a potion of magic.
Magic courses through your body. Something hits you.
* * * LOW HITPOINT WARNING * * *
You take 1 damage, and have 3/29 hp.
It was a potion of flight.
You feel very buoyant.
You fly up into the air.
Something hits you.
You die...

###
#########$##
.......!)@.#
#########{##
#.# #.# #.#
############.##
#.....ooo.....#
#.#############
#####.#


There were no monsters in sight!

Vanquished Creatures
  An orc priest (D:3)
  An adder (D:3)
  2 dart slugs (D:4)
  3 orcs (D:3)
  2 ball pythons
  2 bats (D:1)
  An endoplasm (D:1)
  3 goblins (D:1)
  2 hobgoblins
  3 jackals (D:1)
  6 kobolds
  A quokka (D:1)
  3 frilled lizards (D:1)
  2 rats
32 creatures vanquished.

Vanquished Creatures (collateral kills)
  A jackal (D:1)
1 creature vanquished.

Grand Total: 33 creatures vanquished

Notes
Turn   | Place    | Note
-------+----------+-------------------------------------------
     0 | D:1      | sokol815 the Octopode Brigand began the quest for the Orb.
     0 | D:1      | Reached XP level 1. HP: 14/14 MP: 1/1
   387 | D:1      | Reached XP level 2. HP: 19/19 MP: 2/2
   493 | D:1      | Reached skill level 6 in Stealth
   702 | D:1      | Reached XP level 3. HP: 7/24 MP: 3/3
  1146 | D:2      | You fall into a shaft and drop 2 floors!
  1418 | D:3      | Reached skill level 3 in Short Blades
  1418 | D:3      | Reached skill level 7 in Stealth
  1418 | D:3      | Reached XP level 4. HP: 18/29 MP: 4/4
  1447 | D:3      | HP: 4/29 [something/magic dart (6)]
  1449 | D:3      | Slain by an orc wizard

Illustrated notes

Levels and vault maps discovered:
D:1:      wander_arrival_estate, layout_loops_ring
D:2:      layout_rooms
D:3:      layout_basic
D:4:      layout_loops_ring, kennysheep_little_box, jmf_multi_god_temple,
          serial_shops, shop

Skill      XL: |  1  2  3 |
---------------+----------+-----
Stealth        | 6 7 |  7.2
Short Blades   | 3 |  3.0
Fighting       | |  2.0
Throwing       | |  2.0
Dodging        | |  1.0

Action                   |  1- 3 |  4- 6 || total
-------------------------+-------+-------++-------
Melee: Dagger            |    49 |     9 ||    58
       Constrict         |     9 |     2 ||    11
       Tentacles         |     6 |     1 ||     7
Throw: Stone             |     1 |       ||     1
  Use: Scroll            |     5 |       ||     5
       Potion            |       |     2 ||     2
 Stab: Sleeping          |     9 |       ||     9
Armor: Skin              |     4 |       ||     4
Dodge: Dodged            |    23 |     5 ||    28

Table legend: (Time is in decaauts)
 A = Elapsed time spent in this place.
 B = Non-inter-level travel time spent in this place.
 C = Inter-level travel time spent in this place.
 D = Time resting spent in this place.
 E = Time spent auto-exploring this place.
 F = Levels seen in this place.
 G = Mean time per level.
                   A        B        C        D        E       F      G
               +--------+--------+--------+--------+--------+-----+--------+
         Total |   1442 |   1415 |     27 |    211 |    780 |   4 |  360.5 |
       Dungeon |   1442 |   1415 |     27 |    211 |    780 |   4 |  360.5 |
               +--------+--------+--------+--------+--------+-----+--------+

Top non-repeatable levels by time:
     D:1: 1132 daAuts
     D:4: 161 daAuts
     D:3: 140 daAuts
     D:2: 8 daAuts

Table legend:
 A = Kills in this place as a percentage of kills in entire the game.
 B = Kills by you in this place as a percentage of kills by you in the entire game.
 C = Kills by friends in this place as a percentage of kills by friends in the entire game.
 D = Other kills in this place as a percentage of other kills in the entire game.
 E = Experience gained in this place as a percentage of experience gained in the entire game.
 F = Experience gained in this place divided by the number of levels of this place that you have seen.
                   A       B       C       D       E      F
               +-------+-------+-------+-------+-------+----------------------
         Total | 100.0 | 100.0 | 100.0 |   N/A | 100.0 |  29.0
       Dungeon | 100.0 | 100.0 | 100.0 |   N/A | 100.0 |  29.0
               +-------+-------+-------+-------+-------+----------------------
